 Dungeon Crawl Stone Soup version 0.23.2-33-g5129a83184 (webtiles) character file.

Game seed: 6411501730489368587

2525 AarnesTheHuman the Fighter (level 9, 0/75 HPs)
             Began as a Barachi Fighter on Aug 6, 2019.
             Was a Follower of Ashenzari.
             Slain by a basilisk (2 damage)
             ... while petrified by a basilisk
             ... on level 8 of the Dungeon.
             The game lasted 00:20:35 (7320 turns).

AarnesTheHuman the Fighter (Barachi Fighter)        Turns: 7320, Time: 00:20:36

Health: 0/75       AC: 18    Str: 25    XL:     9   Next: 54%
Magic:  9/9        EV:  2    Int:  9    God:    Ashenzari [*.....]
Gold:   393        SH:  0    Dex: 19    Spells: 8/8 levels left

rFire    x . .     SeeInvis .   s - +4 falchion (holy)
rCold    . . .     Gourm    .   c - +0 shield (curse)
rNeg     + + +     Faith    .   t - +5 chain mail "Nihiuzir" {rF- MR+ Dex+7}
rPois    ∞         Spirit   .   i - +0 helmet (curse)
rElec    .         Reflect  .   A - +0 cloak (curse)
rCorr    .         Harm     .   (no gloves)
MR       +....                  (no boots)
Stlth    ..........             (no amulet)
HPRegen  0.22/turn              (no ring)
MPRegen  0.11/turn              (no ring)

@: mighty, petrified, slow
A: +LOS, swims, slowness 1, strong legs 1
a: Hop, Curse Item, Scrying, Renounce Religion


You were on level 8 of the Dungeon.
You worshipped Ashenzari.
Ashenzari was aware of your devotion.
You were not hungry.

You visited 2 branches of the dungeon, and saw 9 of its levels.

You collected 393 gold pieces.

Inventory:

Hand Weapons
 a - a +0 long sword
 s - a +4 falchion of holy wrath (weapon)
 w - the +2 falchion of Quraduf {drain, rC++ Int+2}
   (You found it on level 6 of the Dungeon)

   A truly terrible weapon, it drains the life of those it strikes.
   It affects your intelligence (+2).
   It greatly protects you from cold.
Armour
 b - a +0 scale mail
 c - a cursed +0 shield (worn)
 i - a cursed +0 helmet (worn)
 r - a +0 large shield
 t - the +5 chain mail "Nihiuzir" (worn) {rF- MR+ Dex+7}
   (You found it on level 5 of the Dungeon)

   It affects your dexterity (+7).
   It makes you vulnerable to fire.
   It affects your resistance to hostile enchantments.
 A - a cursed +0 cloak (worn)
Jewellery
 k - a +3 ring of intelligence
Wands
 y - a wand of polymorph (4)
Scrolls
 g - 3 scrolls of magic mapping
 h - 2 scrolls of amnesia {unknown}
 j - 5 scrolls of identify
 l - 2 scrolls of remove curse
 m - a scroll of fear {unknown}
 n - 2 scrolls of teleportation
 u - a scroll of holy word {unknown}
 v - a scroll of vulnerability {unknown}
 z - a scroll of acquirement {unknown}
Potions
 d - a potion of might
 e - 2 potions of brilliance {unknown}
 o - a potion of agility {unknown}
 p - a potion of mutation {unknown}
 q - 3 potions of curing {unknown}
 x - a potion of lignification {unknown}
Comestibles
 f - 14 rations
 B - 4 chunks of flesh


   Skills:
 + Level 8.4 Fighting
 + Level 7.9 Long Blades
 + Level 8.4 Armour
 + Level 7.6 Shields


You had 8 spell levels left.
You didn't know any spells.
Your spell library was empty.

Dungeon Overview and Level Annotations

Branches:
Dungeon (8/15)             Temple (1/1) D:4
   Lair: D:8-11

Altars:
Ashenzari
Cheibriados
Dithmenos
Elyvilon
Fedhas
Gozag
Hepliaklqana
Kikubaaqudgha
Makhleb
Nemelex Xobeh
Okawaru
Qazlal
Ru
Sif Muna
Trog
Uskayaw
Vehumet
Wu Jian
Xom
Yredelemnul
Zin
The Shining One


Innate Abilities, Weirdness & Mutations

Shadows flee at your approach. (+LOS)
You can swim through water.
You cover ground slowly.
You can hop short distances.


Message History

The basilisk barely misses you. The orc hits you but does no damage.
The basilisk gazes at you. You resist with almost no effort.
The elephant tramples you but does no damage.
The elephant trunk-slaps you but does no damage.
The basilisk bites you. The orc hits you but does no damage.
The basilisk gazes at you. You resist with almost no effort.
The elephant tramples you.
* * * LOW HITPOINT WARNING * * *
You hold your ground!
The elephant trunk-slaps you but does no damage.
The basilisk bites you!
* * * LOW HITPOINT WARNING * * *
The basilisk bites you but does no damage.
The orc completely misses you. The elephant tramples you!
* * * LOW HITPOINT WARNING * * *
You hold your ground!
The elephant trunk-slaps you but does no damage.
The basilisk bites you.
You die...

##.....####.....#
##...##.. ##....
###...####...## #. ##...
##...##...## # #..
#...#...## #.. ##......#
#.. ###..#...# .#..
####.....##..#
......##.lo......##..#
........Y@l#......##...
##........###.#....##...
#..#.....# #.###........
#. ###...# ..# #.......
##... ..# #.... #......#
#... ...#. .# .##### .#


You could see an elephant, 2 basilisks and an orc.

Vanquished Creatures
  Prince Ribbit (D:5)
  A yak (D:7)
  2 hungry ghosts (D:7)
  A sky beast (D:8)
  3 ogres
  3 centaurs
  4 bullfrogs
  3 scorpions
  3 wights (D:7)
  2 howler monkeys
  2 centaur zombies
  2 crimson imps
  6 hounds
  A bullfrog zombie (D:6)
  A jelly (D:6)
  An orc wizard (D:7)
  2 iguanas
  2 worker ants
  A hound skeleton (D:7)
  A howler monkey skeleton (D:4)
  2 worker ant zombies
  7 gnolls
  5 adders
  2 shadow imps (D:5)
  An adder skeleton (D:4)
  3 worms (D:2)
  5 leopard geckos
  12 orcs
  4 giant cockroaches
  7 hobgoblins
  2 jackals (D:2)
  7 kobolds
  5 quokkas
  6 bats
  A frilled lizard (D:2)
  4 goblins
  9 rats
124 creatures vanquished.

Notes
Turn   | Place    | Note
-------+----------+-------------------------------------------
     0 | D:1      | AarnesTheHuman the Barachi Fighter began the quest for the
                  | Orb.
     0 | D:1      | Reached XP level 1. HP: 18/18 MP: 1/1
   312 | D:1      | Reached XP level 2. HP: 25/25 MP: 2/2
  1046 | D:2      | Reached XP level 3. HP: 19/30 MP: 3/3
  2088 | D:3      | Reached XP level 4. HP: 29/37 MP: 4/4
  2722 | D:4      | Reached XP level 5. HP: 31/43 MP: 5/5
  2723 | D:4      | Found a staircase to the Ecumenical Temple.
  2749 | Temple   | Entered the Ecumenical Temple
  3418 | Temple   | Became a worshipper of Ashenzari the Shackled
  3532 | D:4      | Reached skill level 5 in Fighting
  3532 | D:4      | Reached skill level 5 in Armour
  3532 | D:4      | Reached XP level 6. HP: 49/51 MP: 6/6
  4146 | D:5      | Entered Level 5 of the Dungeon
  4600 | D:5      | Reached skill level 5 in Shields
  4636 | D:5      | Reached XP level 7. HP: 26/56 MP: 7/7
  4867 | D:5      | Reached skill level 5 in Long Blades
  4931 | D:5      | Got the uncursed chain mail "Nihiuzir" {rF- MR+ Dex+7}
  4941 | D:5      | Found an ornate altar of the Wu Jian Council.
  5229 | D:6      | Noticed Prince Ribbit
  5248 | D:5      | HP: 1/58 [Prince Ribbit (3)]
  5265 | D:5      | Killed Prince Ribbit
  5265 | D:5      | Reached XP level 8. HP: 11/65 MP: 8/8
  5618 | D:6      | Found a glowing silver altar of Zin.
  5808 | D:6      | Got the falchion of Quraduf {drain, rC++ Int+2}
  5896 | D:6      | Found a burning altar of Makhleb.
  5988 | D:6      | Found a shimmering altar of Xom.
  6312 | D:7      | Reached * piety under Ashenzari
  6621 | D:7      | Reached XP level 9. HP: 72/72 MP: 9/9
  6837 | D:7      | Found an opulent altar of Gozag.
  7219 | D:8      | Noticed an elephant
  7277 | D:7      | Identified the +5 chain mail "Nihiuzir" {rF- MR+ Dex+7}
                  | (You found it on level 5 of the Dungeon)
  7319 | D:8      | HP: 2/75 [elephant (5)]
  7320 | D:8      | Slain by a basilisk

Skill      XL: |  1  2  3  4  5  6  7  8  9 |
---------------+----------------------------+-----
Armour         | 4 5 6 7 8 |  8.4
Fighting       | 4 5 6 7 8 |  8.4
Long Blades    | 3 4 6 7 |  7.9
Shields        | 4 5 6 7 |  7.6

Action                   |  1- 3 |  4- 6 |  7- 9 || total
-------------------------+-------+-------+-------++-------
Melee: Long sword        |   147 |    27 |       ||   174
       Falchion          |       |    94 |   250 ||   344
Invok: Curse Item        |       |     2 |     1 ||     3
 Abil: Hop               |       |       |     1 ||     1
  Use: Scroll            |       |     8 |       ||     8
       Potion            |       |       |     5 ||     5
  Eat: Chunk             |     5 |     3 |     9 ||    17
       Ration            |       |     2 |     2 ||     4
Armor: Scale mail        |    74 |    53 |    76 ||   203
       Chain mail        |       |       |    44 ||    44
Dodge: Dodged            |    52 |    32 |    60 ||   144
Block: Shield            |    88 |    64 |   137 ||   289
       Rpst.: Long sword |    19 |       |       ||    19
       Falchion          |       |     5 |    18 ||    23
